 Dungeon Crawl Stone Soup version 0.29-a0-330-g52719c12eb (webtiles) character file.

Game seed: 17754097062217038211

542703 Aelig the Acrobat (level 27, -18/172 HPs)
             Began as a Kobold Brigand on Apr 25, 2022.
             Was the Champion of Hepliaklqana.
             Killed from afar by an orb of fire (27 damage)
             ... with a fireball
             ... on level 5 of the Realm of Zot on Apr 26, 2022.
             The game lasted 06:21:07 (92675 turns).

Aelig the Acrobat (Kobold Brigand)                 Turns: 92675, Time: 06:21:07

Health: -18/172    AC: 28    Str: 17    XL:     27
Magic:  33/33      EV: 40    Int: 17    God:    Hepliaklqana [******]
Gold:   2223       SH: 12    Dex: 22    Spells: 20/26 levels left

rFire   + . .      SeeInvis +   a - +8 arc blade {discharge, rElec}
rCold   + . .      Faith    .   Y - +3 warlock's mirror {reflect}
rNeg    + . .      Spirit   .   P - +6 shadow dragon scales "Kafeusch" {Drain rF+ rN+ Stlth++++}
rPois   .          Reflect  +   u - +2 helmet {Int+3}
rElec   +          Harm     .   h - scarf {+Inv}
rCorr   +          Rampage  +   p - +2 pair of gloves
Will    ++...      Rage     1%  z - +2 pair of boots {rampage}
Stlth   +++++++++.              l - amulet of the acrobat
HPRegen 0.38/turn               G - ring of Idowuma {Fly rElec rCorr Int+2}
MPRegen 0.23/turn               Z - ring of Nerouci {Contam rC+ Str+3 Dex+3 SInv}

@: mighty, acrobatic, flying, studying Shields, invisible, unable to read
A: reduced essence, small, no large weapons, nightstalker 3, berserk 1, clumsy
2, deformed body, dopey 1, no potion heal 1, inability to read while threatened
}: 3/15 runes: decaying, slimy, gossamer
a: Renounce Religion, Evoke Invisibility, Recall Ancestor, Ancestor Identity,
Transference, Idealise


You were on level 5 of the Realm of Zot.
You worshipped Hepliaklqana.
Hepliaklqana was exalted by your worship.
You visited 11 branches of the dungeon, and saw 53 of its levels.

You collected 8173 gold pieces.
You spent 5950 gold pieces at shops.

Inventory:

Hand Weapons
 a - the +8 arc blade (weapon) {discharge, rElec}
   (You found it on level 5 of the Pits of Slime)

   It occasionally unleashes powerful arcs of lightning upon striking a foe.
   These may arc to other adjacent creatures (including the wielder, but dealing
   reduced damage to them) before grounding out.
   rElec:     It insulates you from electricity.
Missiles
 d - 56 poisoned darts
 e - 15 curare-tipped darts
 f - 34 boomerangs (quivered)
 L - 2 throwing nets
Armour
 b - a +1 cloak of poison resistance
 g - a +1 cloak of preservation
 h - a scarf of invisibility (worn)
 p - a +2 pair of gloves (worn)
 u - a +2 helmet of intelligence (worn)
 z - a +2 pair of boots of rampaging (worn)
 P - the +6 shadow dragon scales "Kafeusch" (worn) {Drain rF+ rN+ Stlth++++}
   (You bought it in a shop on level 12 of the Dungeon)

   rF:        It protects you from fire.
   rN:        It protects you from negative energy.
   Drain:     It drains your maximum health when unequipped.
   Stlth:     It makes you much more stealthy.
 Y - the +3 warlock's mirror (worn) {reflect}
   (You bought it in a shop on level 12 of the Dungeon)

   It can block and reflect piercing ranged attacks and magical attacks against
   the wielder's willpower.
Jewellery
 l - an amulet of the acrobat (around neck)
 o - a ring of willpower
 G - the ring of Idowuma (left hand) {Fly rElec rCorr Int+2}
   (You bought it in a shop on level 2 of the Orcish Mines)

   [ring of flight]

   Int:       It affects your intelligence (+2).
   rElec:     It insulates you from electricity.
   Fly:       It grants you flight.
   rCorr:     It protects you from acid and corrosion.
 I - a ring of poison resistance
 X - the amulet of Hasutyeq {Faith Will+}
   (You acquired it on level 2 of the Realm of Zot)

   [amulet of faith]

   It allows you to gain divine favour quickly.
   Will:      It increases your willpower.
 Z - the ring of Nerouci (right hand) {Contam rC+ Str+3 Dex+3 SInv}
   (You bought it in a shop on level 1 of the Orcish Mines)

   [ring of see invisible]

   Str:       It affects your strength (+3).
   Dex:       It affects your dexterity (+3).
   rC:        It protects you from cold.
   SInv:      It lets you see invisible.
   Contam:    It causes magical contamination when unequipped.
Wands
 t - a wand of acid (7)
 y - a wand of charming (8)
 E - a wand of digging (15)
 K - a wand of mindburst (20)
 M - a wand of iceblast (77)
 R - a wand of paralysis (21)
 T - a wand of flame (18)
Scrolls
 i - 10 scrolls of amnesia
 j - 8 scrolls of enchant weapon
 s - 3 scrolls of summoning
 v - 7 scrolls of vulnerability
 w - 3 scrolls of silence
 x - 3 scrolls of holy word
 D - 3 scrolls of fear
 F - a scroll of brand weapon
 J - 7 scrolls of teleportation
 U - 8 scrolls of fog
Potions
 r - 9 potions of brilliance
 B - 10 potions of curing
 C - 7 potions of magic
 N - a potion of invisibility
 O - 5 potions of resistance
 S - 2 potions of cancellation
 V - a potion of haste
 W - 7 potions of ambrosia
Miscellaneous
 c - a box of beasts
 k - a lightning rod (4/4)
 m - a phantom mirror


   Skills:
 + Level 24.5 Fighting
 - Level 14.0 Short Blades
 - Level 12.0 Throwing
 - Level 12.0 Armour
 - Level 25.1 Dodging
 - Level 18.0 Stealth
 - Level 10.0 Shields
 - Level 12.0 Translocations
 - Level 14.0 Invocations
 - Level 20.0 Evocations


You had 20 spell levels left.
You knew the following spells:

 Your Spells              Type           Power      Damage    Failure   Level
a - Blink                 Tloc           80%        N/A       3%          2
b - Apportation           Tloc           80%        N/A       1%          1
c - Teleport Other        Tloc           40%        N/A       6%          3

Your spell library contained the following spells:

 Spells                   Type           Power      Damage    Failure   Level
 Gell's Gravitas          Tloc           40%        N/A       6%          3
 Lesser Beckoning         Tloc           40%        N/A       6%          3
 Manifold Assault         Tloc           40%        N/A       47%         5
 Portal Projectile        Hex/Tloc       40%        N/A       56%         3
 Iskenderun's Mystic Bla  Conj/Tloc      20%        2d6       92%         4
 Animate Skeleton         Necr           0%         N/A       95%         1
 Foxfire                  Conj/Fire      0%         2x1d4     95%         1
 Freeze                   Ice            0%         1d3       95%         1
 Pain                     Necr           0%         1d4       95%         1
 Sandblast                Erth           0%         2d4       95%         1
 Slow                     Hex            0%         N/A       95%         1
 Sting                    Tmut/Pois      0%         1d3       95%         1
 Summon Small Mammal      Summ           0%         N/A       95%         1
 Dispersal                Tloc           20%        N/A       96%         6
 Ensorcelled Hibernation  Hex/Ice        0%         N/A       99%         2
 Passwall                 Tmut/Erth      0%         N/A       99%         2
 Poisonous Vapours        Pois/Air       0%         N/A       99%         2
 Static Discharge         Conj/Air       0%         N/A       99%         2
 Sublimation of Blood     Necr           0%         N/A       99%         2
 Wereblood                Tmut           0%         N/A       99%         2
 Summon Forest            Summ/Tloc      10%        N/A       99%         5
 Call Canine Familiar     Summ           0%         N/A       100%        3
 Confusing Touch          Hex            0%         N/A       100%        3
 Conjure Flame            Conj/Fire      0%         6-21      100%        3
 Dazzling Flash           Conj/Hex       0%         N/A       100%        3
 Frozen Ramparts          Ice            0%         1d2       100%        3
 Ignite Poison            Fire/Tmut/Pois 0%         N/A       100%        3
 Inner Flame              Hex/Fire       0%         N/A       100%        3
 Mephitic Cloud           Conj/Pois/Air  0%         N/A       100%        3
 Spider Form              Tmut/Pois      0%         N/A       100%        3
 Stone Arrow              Conj/Erth      0%         3d7       100%        3
 Summon Guardian Golem    Hex/Summ       0%         N/A       100%        3
 Swiftness                Air            0%         N/A       100%        3
 Tukima's Dance           Hex            0%         N/A       100%        3
 Vampiric Draining        Necr           0%         2d6       100%        3
 Anguish                  Hex/Necr       0%         N/A       100%        4
 Animate Dead             Necr           0%         N/A       100%        4
 Cause Fear               Hex            0%         N/A       100%        4
 Flame Wave               Conj/Fire      0%         2d4       100%        4
 Hailstorm                Conj/Ice       0%         3d3       100%        4
 Ice Form                 Ice/Tmut       0%         N/A       100%        4
 Leda's Liquefaction      Hex/Erth       0%         N/A       100%        4
 Olgreb's Toxic Radiance  Pois           0%         N/A       100%        4
 Petrify                  Tmut/Erth      0%         N/A       100%        4
 Summon Ice Beast         Ice/Summ       0%         N/A       100%        4
 Summon Lightning Spire   Summ/Air       0%         N/A       100%        4
 Agony                    Necr           0%         N/A       100%        5
 Alistair's Intoxication  Tmut/Pois      0%         N/A       100%        5
 Blade Hands              Tmut           0%         N/A       100%        5
 Borgnjor's Vile Clutch   Necr/Erth      0%         N/A       100%        5
 Excruciating Wounds      Necr           0%         N/A       100%        5
 Fireball                 Conj/Fire      0%         3d3       100%        5
 Freezing Cloud           Conj/Ice/Air   0%         6-21      100%        5
 Iskenderun's Battlesphe  Conj           0%         2d6       100%        5
 Metabolic Englaciation   Hex/Ice        0%         N/A       100%        5
 Silence                  Hex/Air        0%         N/A       100%        5
 Summon Mana Viper        Hex/Summ       0%         N/A       100%        5
 Yara's Violent Unravell  Hex/Tmut       0%         3d3       100%        5
 Conjure Ball Lightning   Conj/Air       0%         3x3d6     100%        6
 Death Channel            Necr           0%         N/A       100%        6
 Eringya's Noxious Bog    Tmut/Pois      0%         N/A       100%        6
 Iron Shot                Conj/Erth      0%         9d1       100%        6
 Simulacrum               Ice/Necr       0%         N/A       100%        6
 Starburst                Conj/Fire      0%         6d3       100%        6
 Statue Form              Tmut/Erth      0%         N/A       100%        6
 Summon Cactus Giant      Summ           0%         N/A       100%        6
 Enfeeble                 Hex            0%         N/A       100%        7
 Haunt                    Necr/Summ      0%         N/A       100%        7
 Orb of Destruction       Conj           0%         9d5       100%        7
 Ozocubu's Refrigeration  Ice            0%         4d5       100%        7
 Spellforged Servitor     Conj/Summ      0%         N/A       100%        7
 Summon Hydra             Summ           0%         N/A       100%        7
 Discord                  Hex            0%         N/A       100%        8
 Lehudib's Crystal Spear  Conj/Erth      0%         10d2      100%        8


Dungeon Overview and Level Annotations

Branches:
Dungeon (15/15)            Temple (1/1) D:5            Lair (6/6) D:11
  Swamp (4/4) Lair:2       Spider (4/4) Lair:4        Slime (5/5) Lair:5
    Orc (2/2) D:12            Elf (3/3) Orc:2        Vaults (4/5) D:13
  Crypt (0/3) Vaults:2     Depths (4/4) D:15            Zot (5/5) Depths:4

Altars:
Ashenzari
Cheibriados
Dithmenos
Elyvilon
Fedhas
Gozag
Hepliaklqana
Makhleb
Nemelex Xobeh
Qazlal
Ru
Sif Muna
Trog
Uskayaw
Vehumet
Wu Jian
Xom
Yredelemnul
The Shining One
Jiyva
Lugonu

Shops:
D:12 [   D:14 [   Orc:1 [=   Orc:2 *=??(   Elf:2 [   Elf:3 ((*=   Depths:2 [(:=

Portals:
Hell: Depths:1 Depths:2 Depths:3 Depths:4
Abyss: Depths:3 Depths:4
Pandemonium: Depths:1 Depths:2
Ziggurat: Depths:1

Annotations:
Lair:1 2 transporters, Nergalle
Lair:2 exclusion: oklob plant
Lair:3 exclusion: orange demon, Amaemon
Swamp:3 Bai Suzhen
Spider:2 exclusion: downstairs
Elf:1 6 runed translucent doors
Vaults:1 Mara
Depths:2 exclusion: 2 downstairs
Zot:2 exclusion: downstairs
Zot:4 Tiamat
Zot:5 exclusion: upstairs


Innate Abilities, Weirdness & Mutations

Your life essence is reduced to manifest your ancestor. (-10% HP)
You are small and have problems with some larger weapons.
You are completely attuned to the shadows.
You tend to lose your temper in combat.
You are very clumsy. (Dex -4)
Armour fits poorly on your strangely shaped body.
You are dopey. (Int -2)
Potions are less effective at restoring your health.
You sometimes lose the ability to read scrolls when taking damage.


Message History

The fireball engulfs the orb of fire.
The orb of fire completely resists.
The fireball engulfs the orb of fire.
The orb of fire completely resists.
The green draconian enters a dispersal trap!
The orb of fire blinks! x2; The storm dragon blinks!
The orb of fire blinks!
You blink.
The green draconian blinks!
The storm dragon completely misses you. x3
Press: ? - help, v - describe, . - travel A dispersal trap.
Really fly into that dispersal trap?
You enter a dispersal trap!
The orb of fire blinks!
The storm dragon blinks!
The ghost moth blinks!
The green draconian blinks!
The orb of fire blinks!
The ghost moth blinks!
The storm dragon blinks!
You blink.
The orb of fire glows deep purple.
The bolt of fire misses you.
The green draconian enters a dispersal trap!
The orb of fire blinks!
The orb of fire enters a dispersal trap!
The green draconian blinks!
The storm dragon blinks!
You blink.
The orb of fire blinks!
The ghost moth blinks!
The green draconian blinks!
You blink.
The green draconian blinks!
The storm dragon enters a dispersal trap!
The ghost moth blinks!
The orb of fire blinks!
You blink.
The storm dragon blinks!
You cannot read scrolls in your current state!
Unknown command.
The orb of fire glows bright magenta.
Strange energies course through your body.
You feel clumsy.
An orb of fire comes into view.
The orb of fire glows yellow.
The bolt of fire hits you!! You resist.
* * * LOW HITPOINT WARNING * * *
Really fly into that dispersal trap?
You enter a dispersal trap!
The storm dragon blinks!
The storm dragon enters a dispersal trap!
The orb of fire blinks! x4; You blink.
The storm dragon blinks!
The orb of fire blinks!
The storm dragon blinks!
The orb of fire blinks!
You blink.
The orb of fire glows deep purple.
The fireball explodes!
The fireball engulfs you!! You resist.
You die...

**,,,,,,,,,,,,,,,,,,,,,,**
**,^,,,,,,^,,,,,,,,,,***
**,,,,,,,,,,,,^,,****
**,,,,,##▓▓▓▓▓▓▓▓▓▓▓#
**,,,..*....§§.§.^^..###
**,,,,.......§.§§§##....##
**,,,,,......*[.§D..###...##
*,,,,,,......§....^..###....
*,,,,,,....@.....*...# ##...
*,,,,,,.^........§...# #...
*,,,,,,..............# ##..
*,,,,,,......d..y....# #..
*,,,,,^..............# ##..
**,,,,,,,,,,,.......## #...
**,,,,,,,,,,......## *#...
**,,,,,,,,,.....## #....
************###* #####


You could see 2 orbs of fire and a green draconian (can't see you).

Vanquished Creatures
  the Royal Jelly (Slime:5)
  An ancient lich (Zot:5)
  2 orbs of fire
  Mennas (Vaults:2)
  A juggernaut (Depths:4)
  Boris (Depths:2)
  Vv (Depths:3)
  Sojobo (Depths:2)
  2 Killer Klowns
  Frederick (Depths:3)
  Xtahua (Vaults:2)
  A curse toe (Zot:3)
  3 caustic shrikes (Depths:4)
  6 golden dragons
  A bone dragon (Depths:4)
  Arachne (Spider:2)
  2 electric golems (Zot:2)
  9 tentacled monstrosities
  Jorgrun (Orc:1)
  A lich (Depths:2)
  6 Orb Guardians (Zot:5)
  A deep elf blademaster (Elf:3)
  4 quicksilver dragons
  A deep elf master archer (Elf:3)
  A walking divine tome (Depths:2)
  3 sphinxes
  20 acid blobs
  6 death cobs
  5 tengu reavers
  3 thorn hunters
  7 shadow dragons
  Donald (Swamp:3)
  9 azure jellies
  7 storm dragons
  9 draconian monks
  4 draconian knights
  3 fire giants
  10 rockslimes
  4 deep elf sorcerers (Elf:3)
  2 frost giants (Depths:2)
  Louise (D:15)
  8 emperor scorpions
  6 ghost moths
  2 draconian stormcallers
  Aizul (Spider:4)
  6 draconian scorchers
  2 spectral caustic shrikes (Depths:4)
  An orc warlord (Vaults:4)
  An iron dragon (Depths:4)
  10 vault wardens
  4 draconian shifters
  13 ironbound preservers
  2 broodmothers
  3 deep elf elementalists (Elf:3)
  The ghost of PeterMcNeter the Spear-Bearer, a journeyman DsFi of Cheibriados (D:12)
  8 quicksilver oozes
  5 stone giants
  6 draconian annihilators
  5 ironbound thunderhulks
  A vampire knight (Depths:4)
  10 very ugly things
  A war gargoyle (Vaults:3)
  6 green draconians
  20 purple draconians
  3 eleionomae
  10 white draconians
  10 entropy weavers
  3 deep elf annihilators
  3 deep elf demonologists
  7 spark wasps
  13 black draconians
  A minotaur (Depths:4)
  9 yellow draconians
  18 red draconians
  2 dire elephants (Vaults:2)
  7 bunyips
  6 ettins
  4 deep elf death magi (Elf:3)
  2 crystal guardians (Vaults:3)
  A shambling mangrove (Swamp:4)
  Snorg (Lair:4)
  9 great orbs of eyes
  4 deep elf high priests
  10 yaktaur captains
  5 fire dragons
  7 ice dragons
  16 hydras
  11 vault guards
  2 rakshasas (Depths:1)
  A catoblepas (D:15)
  7 boulder beetles
  The ghost of Philosophunculist the Protected, a journeyman HuCA of Ignis (D:10)
  3 peacekeepers
  A jorogumo (Spider:3)
  4 ghost crabs
  A spriggan air mage (Depths:4)
  6 ironbound frosthearts
  12 centaur warriors
  5 deep troll shamans (Depths:3)
  9 death yaks
  4 two-headed ogres
  3 vampire magi
  10 alligators
  4 tengu warriors
  3 orc high priests
  A spriggan berserker (Depths:2)
  27 dancing weapons
  A titan zombie (Vaults:4)
  4 deep troll earth magi
  20 deep elf knights
  Sonja (D:11)
  12 hell knights
  3 iron trolls
  A fire crab (shapeshifter) (Elf:3)
  5 pharaoh ants
  Lodul (D:11)
  3 goliath frogs
  A shadow wraith (Vaults:4)
  A spriggan druid (Swamp:2)
  8 orb spiders
  32 deep trolls
  A golden dragon zombie (Depths:1)
  9 swamp dragons
  A bog body (Swamp:2)
  2 phantasmal warriors
  2 death drakes (Swamp:4)
  11 steelbarb worms
  5 glowing orange brains
  A glowing orange brain (shapeshifter) (Depths:2)
  10 ironbound convokers
  8 lindwurms
  13 deep elf archers
  6 orc knights
  11 necromancers
  A wizard (Vaults:2)
  21 deep elf zephyrmancers
  4 orc sorcerers (Orc:2)
  A manticore (D:15)
  A fire giant zombie (Vaults:4)
  14 ugly things
  20 deep elf pyromancers
  2 will-o-the-wisps
  2 shining eyes
  14 wolf spiders
  2 stone giant zombies
  A faun (shapeshifter) (Vaults:3)
  2 cyclopes
  A salamander (shapeshifter) (D:15)
  A sphinx skeleton (Vaults:4)
  4 black mambas
  A frost giant zombie (Depths:1)
  20 moths of wrath
  5 elephants (Lair:4)
  2 eyes of devastation (Slime:5)
  A stone giant skeleton (Vaults:4)
  Joseph (Lair:1)
  A hexer (Depths:3)
  5 torpor snails
  13 vault sentinels
  An elf zombie (Vaults:2)
  A yaktaur zombie (Vaults:3)
  18 yaktaurs
  4 cane toads
  2 kobold demonologists
  8 komodo dragons
  7 demonic crawlers
  A rime drake (Lair:6)
  4 freezing wraiths
  A yaktaur (shapeshifter) (D:13)
  A tengu conjurer (D:13)
  3 human skeletons
  A queen bee (Spider:1)
  3 meliai (Spider:1)
  4 red devils (D:13)
  A queen bee (shapeshifter) (Spider:3)
  A bloated husk (Swamp:4)
  4 trolls
  6 polar bears
  24 tarantellas
  7 tyrant leeches
  15 hornets
  9 blink frogs
  88 slime creatures
  21 jumping spiders
  A vampire (D:13)
  8 culicivoras
  18 spriggans
  A ynoxinul (D:10)
  A water elemental (Elf:2)
  A wyvern (Lair:2)
  31 yaks
  An air elemental (Elf:2)
  2 fire elementals
  2 wraiths (D:11)
  5 basilisks
  10 vampire mosquitoes
  A steam dragon (Lair:2)
  31 redbacks
  A human simulacrum (Vaults:4)
  A steam dragon (shapeshifter) (Elf:3)
  3 wargs
  11 swamp worms
  12 water moccasins
  2 hell hounds (D:15)
  2 black bears
  A sky beast (D:5)
  2 ice beasts
  21 orc warriors
  7 swamp drakes
  4 centaurs
  4 ogres
  3 boggarts (Lair:6)
  11 wolves
  A human zombie (Vaults:4)
  5 kobold brigands
  10 bullfrogs
  A gnoll sergeant (D:10)
  A scorpion (D:4)
  17 killer bees
  2 howler monkeys
  3 hounds
  7 orc priests
  3 gnoll shamans
  Terence (D:3)
  2 iguanas
  18 orc wizards
  7 hell rats (Lair:3)
  Robin (D:3)
  18 gnolls
  7 adders
  6 river rats
  A shadow imp (D:7)
  A white imp (D:6)
  2 worms
  4 dart slugs
  52 orcs
  7 bats
  4 endoplasms
  4 giant cockroaches
  15 goblins
  6 hobgoblins
  10 jackals
  20 kobolds
  4 quokkas
  3 ball pythons (D:1)
  2 frilled lizards
  9 rats
1533 creatures vanquished.

Vanquished Creatures (collateral kills)
  An ancient lich (Zot:5)
  An orb of fire (Zot:5)
  A caustic shrike (Depths:4)
  A curse toe (Zot:3)
  2 golden dragons
  Nikola (Spider:2)
  A tentacled monstrosity (Zot:3)
  An Orb Guardian (Zot:5)
  A lich (Depths:3)
  A deep elf blademaster (Elf:3)
  A deep elf master archer (Elf:3)
  4 acid blobs (Slime:5)
  Frances (Spider:1)
  A death cob (Zot:2)
  A shadow dragon (Zot:3)
  A draconian monk (Zot:1)
  2 draconian knights
  2 storm dragons
  3 azure jellies
  A fire giant (Depths:2)
  A ghost moth (Spider:2)
  4 deep elf sorcerers (Elf:3)
  An iron dragon (Depths:4)
  A draconian scorcher (Zot:1)
  A spectral caustic shrike (Depths:4)
  A vault warden (Vaults:4)
  A draconian shifter (Zot:3)
  2 ironbound preservers
  3 very ugly things
  4 quicksilver oozes
  An eleionoma (Swamp:4)
  A stone giant (Depths:3)
  An entropy weaver (Spider:1)
  A black draconian (Zot:3)
  A deep elf annihilator (Elf:3)
  Azrael (D:15)
  A green draconian (Zot:4)
  4 deep elf demonologists
  4 purple draconians
  A white draconian (Zot:4)
  2 dire elephants (Vaults:2)
  A yellow draconian (Zot:1)
  4 bunyips
  2 deep elf death magi (Elf:3)
  2 yaktaur captains
  A fire dragon (Depths:4)
  2 great orbs of eyes
  A deep elf high priest (Elf:3)
  A rakshasa (Depths:3)
  2 ice dragons
  5 hydras
  2 boulder beetles
  3 vault guards
  A two-headed ogre (D:12)
  3 alligators
  2 jorogumos
  A spriggan air mage (Depths:3)
  A ghost crab (Swamp:4)
  An ironbound frostheart (Vaults:1)
  A catoblepas (Lair:6)
  11 dancing weapons
  A vampire mage (Depths:3)
  A hell knight (Depths:2)
  3 death yaks
  Urug (Lair:1)
  A deep troll earth mage (Depths:2)
  An orc high priest (Orc:2)
  A spriggan berserker (Depths:2)
  4 deep elf knights
  A sun moth (Spider:1)
  A flayed ghost (Vaults:2)
  A glowing orange brain (Depths:4)
  An orb spider (Spider:4)
  An iron troll (Depths:3)
  3 swamp dragons (Swamp:4)
  A goliath frog (Swamp:1)
  3 spriggan druids
  2 wizards
  7 deep trolls
  A deep elf archer (Elf:1)
  3 bog bodies (Swamp:4)
  An ironbound convoker (Vaults:2)
  2 orc knights
  2 deep elf zephyrmancers
  A fire giant zombie (Vaults:2)
  3 wolf spiders
  3 will-o-the-wisps (Swamp:3)
  An orc sorcerer (Orc:2)
  A stone giant zombie (Vaults:4)
  4 deep elf pyromancers
  A cyclops (D:12)
  A manticore (D:12)
  An ugly thing (Vaults:4)
  4 moths of wrath
  An eye of devastation (Slime:5)
  The ghost of Crownlay the Magician, a novice OpEE of Sif Muna (D:7)
  A torpor snail (Spider:3)
  4 cane toads
  6 yaktaurs
  2 demonic crawlers
  A rime drake (Lair:2)
  2 komodo dragons
  2 tengu conjurers
  The ghost of initializr the Conjurer, a novice DECj (D:5)
  A yaktaur skeleton (Vaults:4)
  A polar bear (Lair:4)
  8 tarantellas
  4 hornets
  A blink frog (Lair:3)
  17 slime creatures
  A dream sheep (Lair:6)
  3 jumping spiders
  An air elemental (Elf:2)
  8 spriggans
  A spriggan (shapeshifter) (D:15)
  A shadow (D:10)
  20 yaks
  7 culicivoras
  5 fire elementals
  A basilisk (Lair:2)
  16 redbacks
  2 vampire mosquitoes
  A swamp worm (Swamp:1)
  A water moccasin (Lair:2)
  A hell hound (D:15)
  An acid dragon (D:11)
  A floating eye (Depths:2)
  A black bear (Lair:6)
  A swamp drake (Swamp:4)
  6 orc warriors
  3 ogres
  2 wolves (Lair:6)
  3 centaurs
  2 kobold brigands (D:11)
  A human zombie (Vaults:3)
  2 earth elementals (Elf:1)
  4 bullfrogs
  A gnoll sergeant (D:10)
  13 killer bees
  A howler monkey (D:10)
  11 orc priests
  8 orc wizards
  5 gnolls
  A river rat (Lair:3)
  20 orcs
  A bat (Orc:2)
  7 kobolds
392 creatures vanquished.

Vanquished Creatures (others)
  A draconian annihilator (Zot:5)
  A black draconian (Zot:4)
  A deep elf knight (Elf:2)
  3 bloated husks
  2 hornets
  A water elemental (Elf:1)
  An air elemental (Elf:1)
  2 spriggans
  A fire elemental (Elf:2)
  A redback (Spider:3)
  A swamp worm (Swamp:1)
  A hell hound (D:15)
  69 hexers
  An ancestor (D:6)
  19 foxfires
  35 fungi
  58 plants
198 creatures vanquished.

Grand Total: 2123 creatures vanquished

Notes
Turn   | Place    | Note
-------+----------+-------------------------------------------
     0 | D:1      | Aelig the Kobold Brigand began the quest for the Orb.
     0 | D:1      | Reached XP level 1. HP: 12/12 MP: 1/1
    70 | D:1      | Reached XP level 2. HP: 17/17 MP: 2/2
   544 | D:1      | Reached XP level 3. HP: 21/21 MP: 3/3
  1306 | D:2      | Reached XP level 4. HP: 26/26 MP: 4/4
  1491 | D:2      | Reached skill level 5 in Short Blades
  2171 | D:3      | Found a faded altar of an unknown god.
  2237 | D:3      | Noticed Terence
  2248 | D:3      | Killed Terence
  2249 | D:3      | Reached XP level 5. HP: 10/30 MP: 5/5
  2781 | D:3      | Noticed Robin
  2832 | D:3      | Killed Robin
  3673 | D:4      | Reached XP level 6. HP: 22/35 MP: 6/6
  3903 | D:5      | Entered Level 5 of the Dungeon
  4031 | D:4      | Noticed an ogre
  4324 | D:4      | Killed an ogre
  4325 | D:4      | Reached XP level 7. HP: 40/40 MP: 7/7
  4706 | D:5      | Found a staircase to the Ecumenical Temple.
  4712 | Temple   | Entered the Ecumenical Temple
  4795 | Temple   | Became a worshipper of Hepliaklqana the Forgotten
  4866 | D:5      | Reached skill level 5 in Throwing
  4979 | D:5      | Identified the +1 robe "Fuuruch" {rN+}
  5017 | D:5      | Noticed a water moccasin
  5578 | D:5      | Found a runed translucent door.
  5872 | D:5      | Noticed initializr's ghost (novice DECj)
  5972 | D:6      | Reached XP level 8. HP: 44/44 MP: 8/8
  6109 | D:6      | Identified the +1 robe of Assidaega {Regen+ Int+4 Dex-3}
  6287 | D:6      | Reached * piety under Hepliaklqana
  6614 | D:6      | Reached skill level 10 in Short Blades
  6614 | D:6      | Reached skill level 1 in Evocations
  6819 | D:6      | Found a sparkling altar of Nemelex Xobeh.
  7183 | D:6      | Found a bloodstained altar of Trog.
  7183 | D:6      | Found a shimmering altar of Xom.
  7397 | D:7      | Found a transporter.
  7403 | D:7      | Noticed Crownlay's ghost (novice OpEE)
  7864 | D:7      | Reached XP level 9. HP: 43/43 MP: 9/9
  8323 | D:7      | Reached ** piety under Hepliaklqana
  8324 | D:7      | Remembered your ancestor Bintanath as a hexer
  8379 | D:7      | Found a transporter.
  8907 | D:7      | Reached skill level 5 in Evocations
  9679 | D:8      | Found a shimmering blue altar of Sif Muna.
 10475 | D:9      | Reached skill level 5 in Fighting
 10488 | D:9      | Noticed a slime creature
 10489 | D:9      | Noticed a troll
 10490 | D:9      | Noticed a slime creature
 10490 | D:9      | Noticed a slime creature
 10689 | D:9      | Reached XP level 10. HP: 48/53 MP: 10/10
 10706 | D:9      | Reached skill level 2 in Dodging
 10717 | D:9      | Reached skill level 3 in Dodging
 10825 | D:9      | Noticed a kobold demonologist
 10830 | D:9      | Noticed a two-headed ogre
 10843 | D:9      | Reached skill level 10 in Stealth
 10843 | D:9      | Killed a kobold demonologist
 10844 | D:9      | Reached skill level 4 in Dodging
 10871 | D:9      | Killed a two-headed ogre
 10872 | D:9      | Reached skill level 5 in Dodging
 11059 | D:9      | Reached skill level 6 in Dodging
 11150 | D:9      | Reached *** piety under Hepliaklqana
 11386 | D:10     | Entered Level 10 of the Dungeon
 11683 | D:10     | Reached skill level 1 in Invocations
 11696 | D:10     | Reached XP level 11. HP: 54/57 MP: 10/12
 11975 | D:10     | Noticed Philosophunculist's ghost (journeyman HuCA)
 11982 | D:10     | Found a runed translucent door.
 12826 | D:11     | Reached **** piety under Hepliaklqana
 12947 | D:11     | You fall into a shaft and drop 3 floors!
 13480 | D:11     | Reached skill level 7 in Dodging
 13909 | D:11     | Noticed a two-headed ogre
 13910 | D:11     | Noticed a two-headed ogre
 13956 | D:11     | Noticed a two-headed ogre
 13965 | D:11     | Killed a two-headed ogre
 14113 | D:12     | HP: 1/60 [gargoyle/stone arrow (26)]
 14377 | D:11     | Found a staircase to the Lair.
 14386 | Lair:1   | Entered Level 1 of the Lair of Beasts
 14393 | Lair:1   | Noticed Urug
 14410 | Lair:1   | Killed Urug
 14508 | Lair:1   | Noticed a spriggan rider
 14546 | Lair:1   | Noticed a moth of wrath
 14554 | Lair:1   | Found a transporter.
 14565 | Lair:1   | Found a transporter.
 14573 | Lair:1   | Got Qotzeom's Volume of Nocuous Sinister Magic
 14600 | Lair:1   | Noticed a seven-headed hydra
 14604 | Lair:1   | Killed a seven-headed hydra
 14651 | Lair:1   | Reached skill level 8 in Dodging
 15044 | Lair:1   | Noticed Nergalle
 15088 | Lair:2   | Reached XP level 12. HP: 53/65 MP: 13/15
 15850 | Lair:2   | Reached ***** piety under Hepliaklqana
 16113 | Lair:2   | Reached skill level 10 in Throwing
 16167 | Lair:2   | Reached skill level 9 in Dodging
 16376 | Lair:2   | Noticed a seven-headed hydra
 16385 | Lair:2   | Killed a seven-headed hydra
 16864 | Lair:2   | Reached skill level 10 in Dodging
 16877 | Lair:2   | Noticed a four-headed hydra
 16897 | Lair:2   | Killed a four-headed hydra
 17903 | Lair:3   | Reached skill level 11 in Dodging
 18089 | Lair:3   | Noticed a six-headed hydra
 18094 | Lair:3   | Killed a six-headed hydra
 18095 | Lair:3   | Reached XP level 13. HP: 70/70 MP: 16/16
 18277 | Lair:3   | Noticed Amaemon
 18360 | Lair:3   | Noticed a boulder beetle
 18442 | Lair:3   | Killed a boulder beetle
 19014 | Lair:4   | Noticed Snorg
 19042 | Lair:4   | Reached skill level 10 in Evocations
 19049 | Lair:4   | Killed Snorg
 19160 | Lair:4   | Reached skill level 12 in Dodging
 19601 | Lair:4   | Found a hole to the Spider Nest.
 19901 | Lair:4   | Reached skill level 13 in Dodging
 20343 | Lair:4   | Noticed a boulder beetle
 20357 | Lair:4   | Killed a boulder beetle
 20775 | Lair:5   | Reached skill level 14 in Dodging
 20787 | Lair:5   | Reached ****** piety under Hepliaklqana
 20864 | Lair:5   | Noticed a six-headed hydra
 20869 | Lair:5   | Killed a six-headed hydra
 20870 | Lair:5   | Reached skill level 1 in Armour
 20971 | Lair:5   | Found a viscous altar of Jiyva.
 20971 | Lair:5   | Found a staircase to the Slime Pits.
 21245 | D:11     | Noticed Sonja
 21269 | D:11     | Killed Sonja
 21717 | D:11     | Reached XP level 14. HP: 75/75 MP: 17/17
 21773 | D:11     | Noticed Lodul
 21934 | D:12     | Found a snail-covered altar of Cheibriados.
 22098 | D:12     | Found Fext's Armour Emporium.
 22098 | D:12     | Found a staircase to the Orcish Mines.
 22393 | D:12     | Bought the +3 warlock's mirror {reflect} for 600 gold
                  | pieces
 22393 | D:12     | Found the +3 warlock's mirror {reflect}
 22644 | D:12     | Found a runed translucent gate.
 22644 | D:12     | Found a runed translucent gate.
 22644 | D:12     | Found a runed translucent gate.
 22645 | D:12     | Noticed PeterMcNeter's ghost (journeyman DsFi)
 22874 | Orc:1    | Entered Level 1 of the Orcish Mines
 22916 | Orc:1    | Reached skill level 1 in Shields
 23018 | Orc:1    | Found Ogehyasm's Jewellery Emporium.
 23087 | Orc:1    | Noticed Jorgrun
 24440 | Orc:1    | Killed Jorgrun
 24649 | Orc:1    | Found Otoum's Antique Armour Shoppe.
 24838 | Orc:2    | Entered Level 2 of the Orcish Mines
 24838 | Orc:2    | Found a staircase to the Elven Halls.
 24838 | Orc:2    | Found Itrotipt's General Store.
 24844 | Orc:2    | Paralysed by an orc sorcerer for 6 turns
 24861 | Orc:2    | Bought a scroll of teleportation for 45 gold pieces
 25279 | Orc:2    | Found a radiant altar of Vehumet.
 25380 | Orc:1    | Bought the ring of Nerouci {Contam rC+ Str+3 Dex+3 SInv}
                  | for 504 gold pieces
 26037 | Orc:2    | Reached skill level 10 in Fighting
 26137 | Orc:2    | Reached skill level 5 in Invocations
 26460 | Orc:2    | Found Zyho's Weapon Emporium.
 26460 | Orc:2    | Found Tisecveqol's Magic Scroll Boutique.
 26463 | Orc:2    | Found Kozuggof's Magic Scroll Emporium.
 26463 | Orc:2    | Found Laof's Jewellery Boutique.
 26467 | Orc:2    | Bought 2 throwing nets for 72 gold pieces
 26475 | Orc:2    | Bought a scroll of blinking for 97 gold pieces
 26705 | Lair:1   | Noticed Joseph
 26737 | Lair:1   | Killed Joseph
 27200 | Lair:6   | Entered Level 6 of the Lair of Beasts
 27612 | Lair:6   | Reached XP level 15. HP: 83/83 MP: 19/19
 27898 | Lair:5   | Reached skill level 5 in Shields
 28292 | Lair:6   | Identified a scroll of acquirement
 28361 | Lair:6   | Got the Compendium of Poisoning
 29286 | Lair:6   | Acquired 506 gold pieces
 29702 | D:13     | Found a gate to the Vaults.
 31113 | D:14     | Found Liazamiu's Antique Armour Emporium.
 31691 | D:15     | Entered Level 15 of the Dungeon
 32052 | D:15     | Noticed Louise
 32274 | D:15     | Noticed Azrael
 32903 | Spider:1 | Entered Level 1 of the Spider Nest
 33116 | D:14     | Bought a glowing cloak for 255 gold pieces
 33129 | D:14     | Bought a pair of runed boots for 255 gold pieces
 33142 | D:14     | Bought a glowing hat for 238 gold pieces
 33467 | D:5      | Killed initializr's ghost
 33612 | D:7      | Killed Crownlay's ghost
 33705 | D:8      | Got Sif Muna's Guide on Summoning
 34017 | D:10     | Killed Philosophunculist's ghost
 34036 | D:10     | Got the Almanac of the Rocks
 34291 | D:11     | Killed Lodul
 34459 | Lair:2   | Reached skill level 10 in Invocations
 34465 | Lair:2   | Found a staircase to the Swamp.
 34471 | Swamp:1  | Entered Level 1 of the Swamp
 34474 | Swamp:1  | Reached XP level 16. HP: 93/93 MP: 23/23
 35738 | Swamp:2  | Reached skill level 15 in Dodging
 35823 | Swamp:2  | Noticed a thorn hunter
 35827 | Swamp:2  | Killed a thorn hunter
 36185 | Swamp:2  | Reached skill level 16 in Dodging
 36964 | Swamp:3  | Noticed Donald
 36970 | Swamp:3  | Killed Donald
 37079 | Swamp:3  | Reached skill level 17 in Dodging
 37165 | Swamp:3  | Noticed a thorn hunter
 37234 | Swamp:3  | Killed a thorn hunter
 37235 | Swamp:3  | Reached XP level 17. HP: 99/99 MP: 24/24
 37270 | Swamp:3  | Noticed Bai Suzhen
 37698 | D:15     | Killed Azrael
 37829 | D:15     | Found a staircase to the Depths.
 37897 | D:15     | Killed Louise
 38601 | Spider:1 | Noticed Frances
 38650 | Spider:1 | Reached skill level 18 in Dodging
 38698 | Spider:1 | Reached skill level 15 in Fighting
 39003 | Spider:1 | Identified the +8 arbalest of Contradiction {elec, rF-
                  | Str+4 Int+10 Stlth+}
 39967 | Spider:1 | Killed Frances
 40465 | Spider:2 | Noticed Arachne
 40493 | Spider:2 | Killed Arachne
 41040 | Spider:2 | Noticed Nikola
 41062 | Spider:2 | Killed Nikola
 41589 | Spider:2 | Reached XP level 18. HP: 108/108 MP: 26/26
 42359 | Spider:3 | Identified the +6 war axe of Ragnarok {drain, rCorr Str+3
                  | Dex-4}
 43189 | Swamp:4  | Entered Level 4 of the Swamp
 44973 | Swamp:4  | Reached XP level 19. HP: 88/117 MP: 27/27
 44984 | Swamp:4  | Reached skill level 19 in Dodging
 45253 | Swamp:4  | Got a decaying rune of Zot
 45699 | Spider:4 | Entered Level 4 of the Spider Nest
 45831 | Spider:4 | Noticed Aizul
 45846 | Spider:4 | Killed Aizul
 47288 | Spider:4 | Reached skill level 20 in Dodging
 47899 | Spider:4 | Got a gossamer rune of Zot
 48328 | Vaults:1 | Entered Level 1 of the Vaults
 48959 | Vaults:1 | You fall into a shaft and drop 1 floor!
 48959 | Vaults:2 | Noticed Mennas
 48960 | Vaults:2 | Killed Mennas
 50233 | Vaults:1 | Reached XP level 20. HP: 111/122 MP: 30/30
 50933 | Vaults:2 | Found a staircase to the Crypt.
 50935 | Vaults:2 | Reached skill level 15 in Evocations
 51015 | Vaults:2 | Noticed Xtahua
 51020 | Vaults:2 | Killed Xtahua
 51303 | Vaults:2 | Noticed Mara
 51338 | Vaults:1 | Noticed Aelig's illusion
 51811 | Vaults:2 | Identified the +5 glaive "Ulamot" {pain, Int+5}
 54110 | Vaults:3 | Reached skill level 21 in Dodging
 54239 | Vaults:3 | Paralysed by a great orb of eyes for 7 turns
 54644 | Vaults:3 | Reached XP level 21. HP: 126/126 MP: 31/31
 56820 | Vaults:4 | Reached skill level 22 in Dodging
 59005 | Vaults:4 | Reached XP level 22. HP: 132/132 MP: 32/32
 59321 | D:12     | Bought the +6 shadow dragon scales "Kafeusch" {Drain rF+
                  | rN+ Stlth++++} for 1731 gold pieces
 59376 | D:12     | Killed PeterMcNeter's ghost
 59509 | Orc:2    | Bought the ring of Idowuma {Fly rElec rCorr Int+2} for 454
                  | gold pieces
 59569 | Elf:1    | Entered Level 1 of the Elven Halls
 59737 | Elf:1    | Reached skill level 23 in Dodging
 60052 | Elf:1    | Reached skill level 5 in Armour
 60052 | Elf:1    | Identified the +1 leather armour of a wizard's laboratory
                  | {Will+}
 60653 | Elf:1    | Found a runed translucent gate.
 60653 | Elf:1    | Found a runed translucent gate.
 60653 | Elf:1    | Found a runed translucent gate.
 60656 | Elf:1    | Found a runed translucent gate.
 60656 | Elf:1    | Found a runed translucent gate.
 60666 | Elf:1    | Found a runed translucent gate.
 61331 | Elf:2    | Found Imykuz's Antique Armour Emporium.
 61455 | Elf:2    | Found Lyuroj's General Store.
 61617 | Elf:2    | Paralysed by an air elemental for 1 turns
 61623 | Elf:2    | Bought a spiked chain mail for 275 gold pieces
 61623 | Elf:2    | Identified the +5 chain mail of the Bruised Ziggurats
                  | {Dex+2 Stlth+} (You bought it in a shop on level 2 of the
                  | Elven Halls)
 61774 | Elf:2    | Identified the +9 great sword "Boysurr" {vamp, rPois rC+
                  | Dex+2}
 62131 | Elf:2    | Found a runed translucent gate.
 62132 | Elf:2    | Found a runed translucent gate.
 62133 | Elf:2    | Found a runed translucent gate.
 63674 | Elf:3    | Entered Level 3 of the Elven Halls
 63784 | Elf:3    | Found Hooph's Antique Weapon Shop.
 63810 | Elf:3    | Reached skill level 10 in Armour
 64059 | Elf:3    | Found Zufuh's Antique Weapon Boutique.
 64105 | Elf:3    | Found Uhybub's Assorted Antiques.
 64111 | Elf:3    | Bought a dented diamond amulet for 190 gold pieces
 64111 | Elf:3    | Bought a potion of heal wounds for 190 gold pieces
 64124 | Elf:3    | Reached XP level 23. HP: 136/136 MP: 33/33
 64141 | Elf:3    | Found Gahooz's Jewellery Emporium.
 65594 | Elf:3    | Identified the +7 falchion of the Wilderness {flame, rF+
                  | Int+2 Dex+4}
 65601 | Elf:3    | Identified the +6 hand axe "Xeufeuteto" {flame, rPois
                  | Str+3}
 66126 | Elf:3    | Identified the +1 ring mail "Haqudil" {rElec}
 66901 | Elf:3    | Got Jaosatz's Collected Works on Aerial Cold
 66907 | Elf:3    | Identified the +1 hunting sling of Gysum {venom, MP+9}
 66919 | Elf:3    | Got the Tome of Hexes
 67213 | Depths:1 | Entered Level 1 of the Depths
 67219 | Depths:1 | Found a one-way gateway to a ziggurat.
 67245 | Depths:1 | Found a gateway to Hell.
 67269 | Depths:1 | Reached skill level 1 in Translocations
 67541 | Depths:1 | Found an opulent altar of Gozag.
 67978 | Depths:1 | Found a one-way gate leading to the halls of Pandemonium.
 68539 | Depths:2 | Found Leisete's Antique Armour Boutique.
 68541 | Depths:2 | Found Heicagos's Book Shop.
 68541 | Depths:2 | Found Feon's Antique Weapon Boutique.
 68543 | Depths:2 | Reached skill level 5 in Translocations
 68544 | Depths:2 | Bought a runed helmet for 307 gold pieces
 68561 | Depths:2 | Found Def Kur's Jewellery Shop.
 68572 | Depths:2 | Learned a level 2 spell: Blink
 68580 | Depths:2 | Noticed Sojobo
 68598 | Depths:2 | Killed Sojobo
 68911 | Depths:2 | Paralysed by a floating eye for 2 turns
 69017 | Depths:3 | Found a hide-covered altar of Uskayaw.
 70906 | Depths:3 | Reached XP level 24. HP: 118/144 MP: 33/33
 70919 | Depths:3 | Noticed Boris
 71137 | Depths:3 | Noticed Vv
 71419 | Depths:3 | Noticed Frederick
 71432 | Depths:3 | Killed Frederick
 71903 | Depths:2 | Killed Boris
 72271 | Depths:3 | Killed Vv
 72470 | Depths:4 | Entered Level 4 of the Depths
 72473 | Depths:3 | Found a basalt altar of Yredelemnul.
 72519 | Depths:3 | Learned a level 1 spell: Apportation
 72947 | Depths:3 | Found a one-way gate to the infinite horrors of the Abyss.
 74166 | Depths:4 | Noticed a caustic shrike
 74170 | Depths:4 | Noticed a caustic shrike
 74170 | Depths:4 | Noticed a caustic shrike
 74172 | Depths:4 | Noticed a caustic shrike
 74173 | Depths:4 | Killed a caustic shrike
 74177 | Depths:4 | Killed a caustic shrike
 74179 | Depths:4 | Killed a caustic shrike
 74179 | Depths:4 | Noticed a golden dragon
 74181 | Depths:4 | Killed a caustic shrike
 74469 | Depths:4 | Killed a golden dragon
 74752 | Depths:4 | Noticed a juggernaut
 74758 | Depths:4 | Killed a juggernaut
 74759 | Depths:4 | Reached skill level 10 in Translocations
 74901 | Depths:4 | Found a corrupted altar of Lugonu.
 75031 | Depths:4 | Found a gate to the Realm of Zot.
 75742 | Slime:1  | Entered Level 1 of the Pits of Slime
 75946 | Slime:4  | Gained mutation: Armour fits poorly on your strangely
                  | shaped body. [a shining eye]
 76146 | Slime:5  | Entered Level 5 of the Pits of Slime
 76394 | Slime:4  | Reached XP level 25. HP: 151/153 MP: 33/33
 77597 | Slime:5  | Found the +8 arc blade {discharge, rElec}
 77599 | Slime:5  | Noticed the Royal Jelly
 77600 | Slime:5  | Found a viscous altar of Jiyva.
 78835 | Slime:5  | Killed the Royal Jelly
 79538 | Slime:5  | Identified the +4 double sword of the Ghost {venom, Will+}
 79547 | Slime:5  | Identified the +3 great sword of Evisceration {vorpal,
                  | rPois Will+}
 79569 | Slime:5  | Got a slimy rune of Zot
 79608 | Slime:5  | Identified the +7 mace "Yrhuaz" {drain, Fragile rF++ rC+
                  | Will+}
 79613 | Slime:5  | Identified the +8 plate armour of Duty {*Corrode Str+6
                  | Int+4}
 80393 | Orc:2    | Bought a scroll of teleportation for 51 gold pieces
 80393 | Orc:2    | Bought a scroll of fog for 34 gold pieces
 80393 | Orc:2    | Bought a scroll of blinking for 127 gold pieces
 80393 | Orc:2    | Bought a scroll of blinking for 127 gold pieces
 80393 | Orc:2    | Bought a scroll of blinking for 127 gold pieces
 80393 | Orc:2    | Bought a scroll of summoning for 161 gold pieces
 80396 | Orc:2    | Bought a scroll of teleportation for 39 gold pieces
 80396 | Orc:2    | Bought a scroll of fear for 45 gold pieces
 80396 | Orc:2    | Bought a scroll of fog for 26 gold pieces
 80567 | Depths:1 | Learned a level 3 spell: Teleport Other
 80658 | Zot:1    | Entered Level 1 of the Realm of Zot
 80842 | Zot:1    | You are sucked into a shaft and drop 1 floor!
 80842 | Zot:2    | Noticed a Killer Klown
 80846 | Zot:2    | Killed a Killer Klown
 80852 | Zot:2    | Acquired the amulet of Hasutyeq {Faith Will+}
 82172 | Zot:1    | Reached skill level 15 in Stealth
 83632 | Zot:2    | Identified the +2 hat of Wisdom {rC+ SInv}
 84288 | Zot:3    | Reached skill level 24 in Dodging
 84288 | Zot:3    | Reached XP level 26. HP: 144/150 MP: 31/33
 84830 | Zot:3    | Noticed a curse toe
 85541 | Zot:3    | Killed a curse toe
 85613 | Zot:3    | Noticed an orb of fire
 85615 | Zot:3    | Killed an orb of fire
 85689 | Zot:3    | Reached skill level 10 in Shields
 87491 | Zot:4    | Noticed a curse toe
 87778 | Zot:4    | Identified the +0 eveningstar of Sonaq {flame, Stlth+}
 88214 | Zot:3    | Killed a curse toe
 88672 | Zot:4    | Found the +4 dragonskin cloak
 88672 | Zot:4    | Noticed Tiamat
 89053 | Zot:4    | Reached skill level 25 in Dodging
 90003 | Zot:4    | Reached XP level 27. HP: 158/165 MP: 33/33
 90598 | Zot:5    | Entered Level 5 of the Realm of Zot
 91544 | Zot:5    | Noticed an ancient lich
 91558 | Zot:5    | Killed an ancient lich
 91563 | Zot:5    | Noticed a Killer Klown
 91567 | Zot:5    | Noticed a Killer Klown
 91576 | Zot:5    | Noticed an orb of fire
 91579 | Zot:5    | Noticed a shard shrike
 91579 | Zot:5    | a Killer Klown changed into a shard shrike
 91940 | Zot:5    | Noticed an orb of fire
 92072 | Zot:5    | Gained mutation: Potions are less effective at restoring
                  | your health. [an orb of fire]
 92089 | Zot:5    | Gained mutation: You are dopey. (Int -2) [an orb of fire]
 92091 | Zot:5    | Killed an orb of fire
 92480 | Zot:5    | Noticed an ancient lich
 92493 | Zot:5    | Killed an ancient lich
 92496 | Zot:5    | Killed a Killer Klown
 92631 | Zot:5    | Noticed an orb of fire
 92631 | Zot:5    | Noticed an orb of fire
 92632 | Zot:5    | Killed an orb of fire
 92641 | Zot:5    | Gained mutation: You sometimes lose the ability to read
                  | scrolls when taking damage. [an orb of fire]
 92650 | Zot:5    | Noticed an orb of fire
 92652 | Zot:5    | Noticed an orb of fire
 92660 | Zot:5    | Gained mutation: You tend to lose your temper in combat.
                  | [an orb of fire]
 92665 | Zot:5    | Gained mutation: You are clumsy. (Dex -2) [an orb of fire]
 92672 | Zot:5    | Gained mutation: You are very clumsy. (Dex -4) [an orb of
                  | fire]
 92674 | Zot:5    | Noticed an orb of fire
 92674 | Zot:5    | HP: 8/172 [orb of fire/bolt of fire (23)]
 92675 | Zot:5    | Killed from afar by an orb of fire

Illustrated notes

Levels and vault maps discovered:
D:1:      dpeg_arrival_tiny_a, layout_basic, serial_curves, eino_curves_02,
          eino_curves_01
D:2:      layout_loops_ring
D:3:      layout_basic, basic_ecumenical_altar, hangedman_abyss_or_decor_stabs,
          kennysheep_generic_room_16, uniq_terence, uniq_robin
D:4:      layout_loops_ring
D:5:      layout_rooms, minmay_temple_entry_hall, gup_sewer_entry_spiral,
          ebering_ghost_reflecting_pool
D:6:      layout_basic, mainiacjoe_overflow_alcove_4,
          gammafunk_temple_overflow_statue
D:7:      layout_basic, gammafunk_ghost_arena, kennysheep_cross_room
D:8:      layout_basic, led_sif_book, serial_curves, eino_curves_04,
          eino_curves_01, minivault_19, minmay_fountain_box
D:9:      layout_loops_ring, grunt_decor_clamped
D:10:     layout_loops_ring, hellmonk_ghost_big_iron, minivault_16
D:11:     layout_stronghold, grunt_lair_entry_orc_guard_hut, patterned_corridor,
          uniq_sonja, uniq_lodul
D:12:     layout_basic, orc_david_3, ebering_ghost_rock_garden,
          kennysheep_slug_shrine
D:13:     layout_basic, david_vaults_4, einodemon_armed_red_devil_minivault
D:14:     layout_stronghold, serial_shops, shop, corexii_corridor_pit
D:15:     grunt_enter_depths_snipers, layout_loops_corners, uniq_azrael,
          uniq_louise
Temple:   eino_narrow_crystal_temple
Lair:1:   layout_misc_corridors, gammafunk_ghost_wrathful_warriors,
          grunt_megastairs_3, uniq_joseph, uniq_nergalle, uniq_urug
Lair:2:   minmay_lair_oklob_chamber, layout_hall_layers,
          palyth_hydra_swamp_entry
Lair:3:   layout_cave_pods, kennysheep_abandoned_house, serial_bayou_shore_a,
          uniq_amaemon
Lair:4:   layout_regular_city, nicolae_spider_entry_orb_guardian,
          nzn_sisyphean_effort, infiniplex_staircase_pool_2, uniq_snorg
Lair:5:   layout_misc_corridors, dpeg_slime_entry_enclosed_altar
Lair:6:   minmay_lair_end_enchanted_forest, layout_cave_pods, grunt_megastairs_4
Swamp:1:  layout_basic_swamp, evilmike_swamp_ruin_house_2
Swamp:2:  layout_basic_swamp, portal_ice_cave_entry_frozen_things,
          serial_swamp_ruin, evilmike_swamp_ruin_house_5,
          evilmike_swamp_ruin_house_4, hangedman_swamp_ruin_wall, swamp_pool1,
          nicolae_swamp_alligator_family
Swamp:3:  layout_basic_swamp, nicolae_swamp_bean_lake, swamp_pool4, uniq_donald,
          uniq_bai_suzhen
Swamp:4:  swamp_alternative, layout_basic_swamp
Spider:1: layout_cave_pods, special_room [special_room_bee], uniq_frances
Spider:2: layout_cave_pods, uniq_nikola, uniq_arachne
Spider:3: layout_spider_delve, hellmonk_deceptive_appearances
Spider:4: grunt_spider_rune_circles, hangedman_spider_tarantella_strand,
          uniq_aizul
Slime:1:  layout_caves
Slime:2:  layout_caves
Slime:3:  layout_caves
Slime:4:  layout_caves
Slime:5
Orc:1:    layout_caves, serial_shops, nicolae_shop_behind_doors,
          nicolae_shop_waterfront, uniq_jorgrun
Orc:2:    grunt_orc_tribal_feast, layout_diamond_mine, serial_shops, shop,
          basic_altar, mines_bat_river
Elf:1:    layout_rooms, orc_legates
Elf:2:    nicolae_elf_blades_splatter_lattice
          [nicolae_blade_entry_crossed_weapons], layout_geoelf_octagon,
          minmay_shop_star
Elf:3:    minmay_elf_hall_dome, layout_geoelf_octagon, serial_shops,
          nicolae_square_shop, nicolae_shop_temple_entry_statues_fountains,
          nicolae_shop_behind_doors, nicolae_shop_statue_plus
Vaults:1: ontoclasm_vaults_ring_large, ontoclasm_vaults_ring_square, v_rooms_2,
          vaults_mumra_hex, v_pattern_4, v_misc_2, layout_vaults_quadrants
Vaults:2: v_misc_25, grunt_vaults_trifunnel, v_rooms_4,
          nicolae_vaults_circle_grid_a, vaults_room_pool,
          minmay_crypt_entry_simple_sparse, v_misc_30, dpeg_vaults_monster_box,
          vaults_dpeg_ring, vaults_room_fours, nicolae_vaults_theta, v_misc_23,
          layout_vaults_big_room, uniq_xtahua, uniq_mara, uniq_mennas
Vaults:3: nicolae_vaults_little_squares_2, hangedman_vaults_nodes, v_misc_10,
          nicolae_vaults_quadrants, ontoclasm_vaults_claustrophobia, v_misc_29,
          v_misc_8, ontoclasm_vaults_decontamination, hangedman_vaults_capsules,
          nicolae_vaults_inception_statues, vaults_dpeg_encased_lava,
          nicolae_vaults_three_branches, nicolae_vaults_little_squares_2,
          nicolae_vaults_stairing_the_circle, ontoclasm_vaults_ring_small,
          nicolae_vaults_little_squares_2, layout_vaults_maze
Vaults:4: v_misc_28, nicolae_vaults_asterisk, vaults_room_semicircle,
          nicolae_vaults_gold_heap, vaults_room_hangedman_quadrants,
          ontoclasm_vaults_pinch, vaults_room_pool, nicolae_vaults_little_ls,
          nicolae_vaults_triangles, v_rooms_4, vaults_mumra_chevron,
          vaults_standard_mumra_enter_the_diamond, layout_vaults_ring
Depths:1: layout_basic, enter_ziggurat_b, minmay_misc_feat_pillars, hell_entry,
          pan_entry, nicolae_gozag_cash_rules_everything_around_me
Depths:2: cheibrodos_salmonella, layout_cave_shapes, skrybe_limestone_x,
          pan_entry, hangedman_coc_ice_floe, st_stairs_8, minmay_shoptagon,
          infiniplex_staircase_star, uniq_sojobo
Depths:3: regret_index_uskayaw_diablada_macabre, layout_cave_pools,
          yredelemnul_altar_generic, hell_entry,
          nicolae_abyss_entry_one_way_or_another, infiniplex_staircase_pool_1,
          serial_bayou_shore_b, uniq_frederick, uniq_boris, uniq_vv
Depths:4: evilmike_zot_entry_diamond, layout_cross, pf_hell_entry_tar_river,
          columned_hall_lemuel, abyss_entry_flame_altar, minmay_misc_feat_x
Zot:1:    layout_concentric_octagons, st_large_dragon_hoard_1
Zot:2:    layout_onion, lemuel_flame_loot_1
Zot:3:    ebering_greatest_show_in_zot, layout_onion_interference,
          grunt_megastairs_5
Zot:4:    grunt_twist_and_shout, layout_cathedral_of_symmetry, uniq_tiamat
Zot:5:    layout_misc_corridors

Skill      XL: |  1  2  3  4  5  6  7  8  9 10 11 12 13 14 15 16 17 18 19 20 21 22 23 24 25 26 27 |
---------------+----------------------------------------------------------------------------------+-----
Short Blades   | 3 4 5 6 7 9 10 14 | 14.0
Throwing       | 3 4 5 7 8 9 10 11 12 | 12.0
Evocations     | 4 6 8 9 12 14 17 19 20 | 20.0
Fighting       | 5 6 7 8 10 13 14 16 18 19 21 23 24 | 24.5
Stealth        | 8 10 11 14 16 18 | 18.0
Dodging        | 6 8 11 14 17 18 20 21 22 23 24 25 | 25.1
Invocations    | 1 4 6 10 11 14 | 14.0
Armour         | 2 4 10 12 | 12.0
Shields        | 4 5 8 10 | 10.0
Translocations | 7 10 12 | 12.0

Action                   |  1- 3 |  4- 6 |  7- 9 | 10-12 | 13-15 | 16-18 | 19-21 | 22-24 | 25-27 || total
-------------------------+-------+-------+-------+-------+-------+-------+-------+-------+-------++-------
Melee: Dagger            |    75 |   204 |   242 |   454 |  1166 |  1025 |   239 |       |       ||  3405
       Punch             |     1 |     1 |     4 |     8 |     3 |       |       |       |       ||    17
       Rapier            |       |       |       |       |       |   185 |   931 |  1395 |  1176 ||  3687
Throw: Dart              |       |    10 |    30 |    84 |    92 |    84 |    17 |    20 |     1 ||   338
       Stone             |       |     3 |     8 |     4 |     4 |     2 |       |       |       ||    21
       Boomerang         |       |       |     2 |     3 |       |    25 |       |    17 |     2 ||    49
       Throwing net      |       |       |       |       |       |       |       |       |     4 ||     4
 Cast: Blink             |       |       |       |       |       |       |       |       |     3 ||     3
Invok: Recall Ancestor   |       |       |     1 |    14 |    32 |    12 |    14 |     3 |    18 ||    94
       Ancestor Life: He |       |       |     1 |       |       |       |       |       |       ||     1
       Transference      |       |       |       |       |     1 |     2 |       |     1 |       ||     4
       Idealise          |       |       |       |       |     1 |    15 |     5 |     7 |     3 ||    31
 Abil: Evoke Invisibilit |       |       |       |       |       |       |     4 |     6 |    10 ||    20
Evoke: Wand              |       |       |     2 |     5 |     2 |    16 |     1 |     4 |     2 ||    32
       Lightning rod     |       |       |       |       |       |       |       |     3 |     3 ||     6
       Box of beasts     |       |       |       |       |       |       |       |     2 |       ||     2
       Phantom mirror    |       |       |       |       |       |       |       |     2 |       ||     2
  Use: Scroll            |       |     2 |       |    23 |     9 |     9 |     8 |     8 |    22 ||    81
       Potion            |       |     1 |       |     3 |     1 |    13 |     2 |     8 |    21 ||    49
 Stab: Sleeping          |    18 |    12 |    22 |    20 |    54 |    48 |    92 |    97 |    70 ||   433
       Confused          |       |       |       |    13 |    20 |    25 |    83 |    64 |    43 ||   248
       Distracted        |       |       |       |    10 |    32 |    29 |    26 |    46 |    34 ||   177
       Invisible         |       |       |       |       |     6 |     8 |     5 |    10 |    48 ||    77
       Petrifying        |       |       |       |       |     1 |       |       |       |       ||     1
       Petrified         |       |       |       |       |     1 |       |       |       |       ||     1
       Paralysed         |       |       |       |       |    18 |    43 |    61 |    37 |    35 ||   194
       Held in net/web   |       |       |       |       |       |       |       |       |     5 ||     5
Armor: Robe              |    10 |     1 |       |       |       |       |       |       |       ||    11
       Ring mail         |       |    45 |    53 |    78 |     3 |       |       |       |       ||   179
       Troll leather arm |       |       |       |       |   125 |   148 |       |       |       ||   273
       Skin              |       |       |       |       |       |    19 |       |       |       ||    19
       Swamp dragon scal |       |       |       |       |       |    12 |    75 |       |       ||    87
       Shadow dragon sca |       |       |       |       |       |       |       |   234 |   225 ||   459
Dodge: Dodged            |    35 |    92 |    95 |   244 |   636 |   913 |   531 |   620 |   759 ||  3925
Block: Buckler           |       |       |       |       |   301 |   507 |   326 |   361 |   432 ||  1927
       Reflection        |       |       |       |       |    18 |    28 |    39 |    38 |    39 ||   162

Table legend: (Time is in decaauts)
 A = Elapsed time spent in this place.
 B = Non-inter-level travel time spent in this place.
 C = Inter-level travel time spent in this place.
 D = Time resting spent in this place.
 E = Time spent auto-exploring this place.
 F = Levels seen in this place.
 G = Mean time per level.
                   A        B        C        D        E       F      G
               +--------+--------+--------+--------+--------+-----+--------+
         Total |  89682 |  82201 |   7481 |  26851 |  27466 |  53 | 1692.1 |
       Dungeon |  23489 |  20302 |   3187 |   4398 |  11537 |  15 | 1565.9 |
        Temple |     91 |     67 |     24 |      0 |     57 |   1 |   91.0 |
          Lair |  10577 |   9484 |   1093 |   2543 |   3936 |   6 | 1762.8 |
         Swamp |   5072 |   4793 |    279 |   1335 |    637 |   4 | 1268.0 |
   Spider Nest |   6838 |   6346 |    492 |   1719 |   1445 |   4 | 1709.5 |
    Slime Pits |   3807 |   3807 |      0 |   1799 |     50 |   5 |  761.4 |
  Orcish Mines |   2502 |   2164 |    338 |    106 |    641 |   2 | 1251.0 |
   Elven Halls |   7282 |   6845 |    437 |   2747 |   1471 |   3 | 2427.3 |
        Vaults |  10832 |  10029 |    803 |   3465 |   3905 |   4 | 2708.0 |
        Depths |   8138 |   7630 |    508 |   3725 |   1706 |   4 | 2034.5 |
           Zot |  11050 |  10733 |    317 |   5011 |   2080 |   5 | 2210.0 |
               +--------+--------+--------+--------+--------+-----+--------+

Top non-repeatable levels by time:
    D:12: 3188 daAuts
Vaults:1: 3147 daAuts
   Elf:3: 2922 daAuts
   Elf:2: 2917 daAuts
Depths:2: 2777 daAuts
Vaults:3: 2733 daAuts
Vaults:4: 2525 daAuts
   Zot:4: 2511 daAuts
 Slime:5: 2482 daAuts
  Lair:2: 2456 daAuts
   Zot:3: 2438 daAuts
Vaults:2: 2427 daAuts
   Zot:2: 2404 daAuts
    D:11: 2379 daAuts
Spider:4: 2228 daAuts
